AoeStats
← Luid2026

Arabia

510401311Analyzed
1v1 RM · 16h ago on Sep 30, 2026· 57m 28s· 2 players
Game mode
Random Map
Map size
Tiny (2 player)
Population
200
Speed
Normal
Resources
Standard
Victory
Conquest
Starting age
Dark Age
Ending age
Imperial Age
RankedLock teamsTeams togetherTeam positionsShared explorationLock speedFull tech treeHidden civsTurbo modeCheats
Victory
Defeat
🇪🇨 Ethiopians · Ecuador
626
+19
🇨🇦 Khmer · Canada
692
-19
Luid2026
10:55 Feudal Age
9:11 Loom
18:47 Arson
18:23 Man-at-Arms
22:51 Castle Age
21:06 Padded Archer Armor
22:04 Fletching
22:26 Forging
22:23 Scale Mail Armor
24:28 Wheelbarrow
24:16 Crossbowman
25:00 Squires
25:28 Leather Archer Armor
26:16 Double-Bit Axe
26:38 Horse Collar
29:09 Chain Mail Armor
29:33 Gold Mining
29:33 Stone Mining
30:44 Hand Cart
33:21 Ballistics
32:58 Murder Holes
34:34 Heated Shot
34:55 Masonry
36:12 Iron Casting
38:52 Thumb Ring
39:58 Bodkin Arrow
47:04 Imperial Age
46:00 Fortified Wall
46:44 Royal Heirs
47:31 Halberdier
49:18 Plate Mail Armor
49:49 Blast Furnace
48:49 Bracer
49:20 Ring Archer Armor
49:53 Chemistry
49:24 Architecture
49:00 Siege Engineers
51:28 Torsion Engines
52:16 Arbalester
52:38 Elite Shotel Warrior
53:39 Conscription
Kemeleon
5:21 Loom
8:05 Feudal Age
9:39 Wheelbarrow
14:42 Double-Bit Axe
15:11 Town Watch
18:17 Gold Mining
23:03 Castle Age
22:07 Fletching
23:00 Bloodlines
23:11 Light Cavalry
23:54 Husbandry
24:10 Forging
24:07 Scale Barding Armor
24:21 Bow Saw
26:17 Iron Casting
26:05 Stone Mining
28:19 Chain Barding Armor
28:33 Bodkin Arrow
30:20 Town Patrol
30:43 Hand Cart
33:19 Stone Mining
45:34 Stone Shaft Mining
45:35 Gold Shaft Mining
47:39 Imperial Age
47:56 Hussar
50:21 Blast Furnace
49:24 Bracer
49:33 Murder Holes
49:50 Masonry
50:09 Sanctity
53:07 Heavy Scorpion
56:15 Blast Furnace
55:51 Plate Barding Armor
57:06 Ballistics
56:54 Siege Engineers
57:11 Ballistics
Connection lost

Rejoining the realm…

Still unreachable

The connection could not be restored.

Session expired

The server has moved on; the page needs a fresh start.